 Seeded DCSS version 0.29.1-13-g9f3cf754e1 (webtiles) character file.

Game seed: 16245865983455551772 (custom seed)

491 OTABOTABOTAB the Shooter (level 7, 55/55 (56) HPs)
             Began as a Barachi Hunter on Jan 24, 2023.
             Quit the game on level 4 of the Dungeon.
             The game lasted 00:02:15 (3342 turns).

OTABOTABOTAB the Shooter (Barachi Hunter)           Turns: 3342, Time: 00:02:16

HP:   55/55 (56)    AC:  3    Str: 12    XL:     7   Next: 14%
MP:   7/7           EV: 12    Int: 10    God:
Gold: 1943          SH:  0    Dex: 17    Spells: 6/6 levels left

rFire   . . .      SeeInvis .   d - +1 longbow (freeze)
rCold   . . .      Faith    .   (shield currently unavailable)
rNeg    . . .      Spirit   .   c - +0 leather armour
rPois   .          Reflect  .   (no helmet)
rElec   .          Harm     .   (no cloak)
rCorr   .          Rampage  .   (no gloves)
Will    .....                   (no boots)
Stlth   ++........              (no amulet)
HPRegen 0.18/turn               (no ring)
MPRegen 0.10/turn               (no ring)

@: lightly drained, slow
A: amphibious, slowness 1, strong legs 1, +LOS
a: Hop


You were on level 4 of the Dungeon.
You visited 1 branch of the dungeon, and saw 4 of its levels.

You collected 1943 gold pieces.

Inventory:

Hand Weapons
 a - a +0 shortbow
 d - a +1 longbow of freezing (weapon)
   (You acquired it on level 1 of the Dungeon)
Missiles
 f - 6 poisoned darts
 s - 32 stones
Armour
 c - a +0 leather armour (worn)
Jewellery
 h - a +6 ring of intelligence
   (You found it on level 1 of the Dungeon)
 o - an amulet of regeneration
   (You found it on level 3 of the Dungeon)
 I - a +6 ring of intelligence
   (You found it on level 1 of the Dungeon)
Wands
 m - a wand of roots (4)
   (You found it on level 3 of the Dungeon)
Scrolls
 g - 2 scrolls of teleportation {unknown}
 j - a scroll of summoning {unknown}
 k - 3 scrolls of identify {unknown}
 l - a scroll of enchant weapon {unknown}
 n - a scroll of noise {unknown}
 r - a scroll of silence {unknown}
 K - 2 scrolls of immolation {!r}
Potions
 b - a potion of might {unknown}
 e - 2 potions of flight {unknown}
 i - a potion of lignification {unknown}
 p - a potion of berserk rage {unknown}
 q - a potion of heal wounds {unknown}
 t - a potion of brilliance {unknown}


   Skills:
 + Level 5.5 Fighting
 * Level 7.2 Ranged Weapons
 - Level 2.1 Dodging
 - Level 0.8 Stealth


You had 6 spell levels left.
You didn't know any spells.
Your spell library contained the following spells:

 Spells                   Type           Power      Damage    Failure   Level
 Sting                    Tmut/Pois      0%         1d3       43%         1
 Poisonous Vapours        Pois/Air       0%         N/A       58%         2
 Confusing Touch          Hex            0%         N/A       82%         3
 Olgreb's Toxic Radiance  Pois           0%         N/A       99%         4
 Yara's Violent Unravell  Hex/Tmut       0%         3d3       100%        5
 Enfeeble                 Hex            0%         N/A       100%        7
 Chain Lightning          Conj/Air       0%         N/A       100%        9
 Fire Storm               Conj/Fire      0%         5d1       100%        9
 Shatter                  Erth           0%         3d5*      100%        9


Dungeon Overview and Level Annotations

Branches:
Dungeon (4/15)
 Temple: D:4-7

Altars:
Cheibriados
Dithmenos
Makhleb

Shops:
D:3 [   D:4 *:[


Innate Abilities, Weirdness & Mutations

You are amphibious.
You cover ground slowly.
You can hop short distances.
You have an extended range of vision and can be seen from far away.


Message History

You feel drained.
There are monsters nearby!
There are monsters nearby!
There are monsters nearby!
You shoot an arrow. The arrow hits the hound skeleton!
You destroy the hound skeleton!
The necrophage hits you.
Your Ranged Weapons skill increases to level 7!
You shoot an arrow.
The arrow closely misses the necrophage.
The necrophage hits you.
You feel drained. The necrophage closely misses you.
A necrophage is nearby!
You shoot an arrow. The arrow hits the necrophage.
The necrophage hits you but does no damage.
You take 17 damage, and have 34/47 hp.
MASSIVE DAMAGE!!
You shoot an arrow. The arrow barely misses the necrophage.
The necrophage closely misses you.
You shoot an arrow. The arrow hits the necrophage!
The arrow freezes the necrophage.
The necrophage barely misses you. The necrophage closely misses you.
Unknown command.
You shoot an arrow. The arrow hits the necrophage!
The arrow freezes the necrophage.
The necrophage hits you.
You shoot an arrow. The arrow barely misses the necrophage.
The necrophage hits you.
The necrophage hits you but does no damage.
You take 5 damage, and have 29/47 hp.
You shoot an arrow. The arrow hits the necrophage!
You destroy the necrophage!
You have reached level 7!
You regained 3 hp, and now have 32/55 hp.
MP restored: 7 You are too injured to fight recklessly!
You are too injured to fight recklessly!
Unknown command.
You are too injured to fight recklessly!
You see here a necrophage corpse.
You see here a necrophage corpse.
A kobold comes into view. It is wielding a +0 club.
You shoot an arrow. The arrow hits the kobold.
The arrow freezes the kobold.
You kill the kobold!
No target in view!
Found a stone staircase leading up.
Found a stone staircase leading down.
No target in view!
Found a shadowy altar of Dithmenos.
Things that are here:
a +0 club; a kobold corpse
t - an amethyst potion No target in view!
Health restored: 55
There is a stone staircase leading up here.
There is a stone staircase leading up here.
Done exploring.
No target in view!
No target in view!
No target in view!
No target in view!
No target in view!
No target in view!
No target in view!
No target in view!
Done exploring.
Done exploring.
Done exploring.
Done exploring.
Done exploring.
Done exploring.
Done exploring.
No target in view!
Done exploring.
No target in view!
Done exploring.
No target in view!
Done exploring.
No target in view!
Done exploring.
No target in view!
Done exploring.
No target in view!
Done exploring.
No target in view!
Done exploring.
No target in view!
Done exploring.
No target in view!
Done exploring.
No target in view!
Done exploring.
No target in view!
Done exploring.
No target in view!
Done exploring.
No target in view!
Done exploring.
Done exploring.
Done exploring.

###.#..#.....
#.##...###.
#.#######<.
#.####...#.
#.........#
#..#.......
##.#.......
########..........
#@.........#......
#.###.....###.....
#.# #.....# #.....
#.###.....###.....
#.................
#.................
#......_......####
##............## #
#.............###


There were no monsters in sight!

Vanquished Creatures
  An ogre (D:4)
  A necrophage (D:4)
  A scorpion (D:4)
  An orc priest (D:3)
  An iron imp (D:4)
  Jessica (D:2)
  An iguana (D:4)
  2 orc wizards (D:3)
  Natasha (D:3)
  A hound skeleton (D:4)
  2 adders
  5 orcs (D:3)
  6 ball pythons
  3 bats
  8 endoplasms
  A giant cockroach (D:4)
  5 goblins
  8 hobgoblins
  4 quokkas
  3 frilled lizards
  6 kobolds
  7 rats
69 creatures vanquished.

Vanquished Creatures (others)
  A plant (D:3)
1 creature vanquished.

Grand Total: 70 creatures vanquished

Notes
Turn   | Place    | Note
-------+----------+-------------------------------------------
     0 | D:1      | OTABOTABOTAB the Barachi Hunter began the quest for the
                  | Orb.
     0 | D:1      | Reached XP level 1. HP: 17/17 MP: 1/1
    64 | D:1      | Identified 3 scrolls of acquirement
    64 | D:1      | Acquired a +1 longbow of freezing
    66 | D:1      | Acquired 842 gold pieces
    68 | D:1      | Acquired 905 gold pieces
   100 | D:1      | Reached XP level 2. HP: 23/23 MP: 2/2
   209 | D:1      | Found a faded altar of an unknown god.
   769 | D:1      | Reached skill level 3 in Fighting
   929 | D:1      | Reached XP level 3. HP: 29/29 MP: 3/3
  1493 | D:2      | Noticed Jessica
  1494 | D:2      | Killed Jessica
  1495 | D:2      | Reached skill level 5 in Ranged Weapons
  1495 | D:2      | Reached XP level 4. HP: 35/35 MP: 4/4
  1966 | D:3      | Found Ymmy Ciutu's Antique Armour Shoppe.
  2001 | D:3      | Reached skill level 4 in Fighting
  2001 | D:3      | Reached XP level 5. HP: 34/42 MP: 5/5
  2362 | D:3      | Noticed Natasha
  2366 | D:3      | Killed Natasha
  2367 | D:3      | Reached skill level 6 in Ranged Weapons
  2540 | D:4      | Found Gamycsypi's Antique Armour Boutique.
  2560 | D:4      | Reached XP level 6. HP: 37/49 MP: 6/6
  2677 | D:4      | Found Koenoidu's Book Boutique.
  2718 | D:4      | Reached skill level 5 in Fighting
  2819 | D:4      | Found a snail-covered altar of Cheibriados.
  2837 | D:4      | Found Tuuwolaw's General Store.
  2995 | D:4      | Found a burning altar of Makhleb.
  3000 | D:4      | Reached skill level 7 in Ranged Weapons
  3007 | D:4      | Reached XP level 7. HP: 32/55 MP: 7/7
  3174 | D:4      | Found a shadowy altar of Dithmenos.
  3342 | D:4      | Quit the game

Illustrated notes

Levels and vault maps discovered:
D:1:      minmay_arrival_hallway, layout_loops_corners, basic_ecumenical_altar,
          minmay_unequal
D:2:      layout_loops_ring, uniq_jessica
D:3:      layout_basic, serial_shops, nicolae_shop_advertising_works
          [nicolae_subvault_shop_adworks], minmay_shallow_snake_nest,
          uniq_natasha
D:4:      layout_rooms, grunt_dithmenos_smoke_and_mirrors,
          makhleb_blood_cavern_becter, slow_altar_1, serial_shops,
          nicolae_square_shop, nicolae_shop_temple_entry_statues_fountains,
          kennysheep_mini_moat, chequers_serial_rivers_large_a,
          minmay_fractal_squares_gapless_5

Skill      XL: |  1  2  3  4  5  6 |
---------------+-------------------+-----
Fighting       | 3 4 5 |  5.5
Ranged Weapons | 5 6 7 |  7.2
Dodging        | |  2.1
Stealth        | |  0.8

Action                   |  1- 3 |  4- 6 |  7- 9 || total
-------------------------+-------+-------+-------++-------
 Fire: Shortbow          |     6 |       |       ||     6
       Longbow           |    35 |    98 |     1 ||   134
 Abil: Hop               |     1 |     1 |       ||     2
  Use: Scroll            |     3 |       |       ||     3
Armor: Leather armour    |     5 |     8 |       ||    13
Dodge: Dodged            |     7 |    22 |       ||    29

Table legend: (Time is in decaauts)
 A = Elapsed time spent in this place.
 B = Non-inter-level travel time spent in this place.
 C = Inter-level travel time spent in this place.
 D = Time resting spent in this place.
 E = Time spent auto-exploring this place.
 F = Levels seen in this place.
 G = Mean time per level.
                   A        B        C        D        E       F      G
               +--------+--------+--------+--------+--------+-----+--------+
         Total |   3926 |   3729 |    197 |      0 |   3384 |   4 |  981.5 |
       Dungeon |   3926 |   3729 |    197 |      0 |   3384 |   4 |  981.5 |
               +--------+--------+--------+--------+--------+-----+--------+

Top non-repeatable levels by time:
     D:1: 1288 daAuts
     D:4: 962 daAuts
     D:3: 902 daAuts
     D:2: 772 daAuts

Table legend:
 A = Kills in this place as a percentage of kills in entire the game.
 B = Kills by you in this place as a percentage of kills by you in the entire game.
 C = Kills by friends in this place as a percentage of kills by friends in the entire game.
 D = Other kills in this place as a percentage of other kills in the entire game.
 E = Experience gained in this place as a percentage of experience gained in the entire game.
 F = Experience gained in this place divided by the number of levels of this place that you have seen.
                   A       B       C       D       E      F
               +-------+-------+-------+-------+-------+----------------------
         Total | 100.0 | 100.0 |   N/A |   N/A | 100.0 | 175.5
       Dungeon | 100.0 | 100.0 |   N/A |   N/A | 100.0 | 175.5
               +-------+-------+-------+-------+-------+----------------------
